[Event "Titled Tuesday Blitz February 14 Early 2023"]
[White "Baches Garcia, Guillermo"]
[Black "Zaksaite, Salomeja"]
[WhiteFideId "2209764"]
[BlackFideId "12801496"]
[WhiteElo "2327"]
[BlackElo "2283"]
[Result "1-0"]
[Round "06"]
[TimeControl "180+2"]
[Date "2023.02.15"]
[WhiteClock "0:00:15"]
[BlackClock "0:00:11"]

1. e4 c5 2. Nf3 Nc6 3. d4 cxd4 4. Nxd4 Nf6 5. Nc3 e5 6. Ndb5 d6 7. Nd5 Nxd5 8. exd5 Nb8 9. a4 a6 10. Na3 Be7 11. Bd2 O-O 12. a5 Bg5 13. Bxg5 Qxg5 14. Nc4 Qe7 15. Nb6 Ra7 16. Bd3 Nd7 17. O-O Nxb6 18. axb6 Ra8 19. c4 Bd7 20. b4 f5 21. c5 dxc5 22. d6 Qg5 23. bxc5 Kh8 24. Bc4 Rac8 25. Bd5 Rxc5 26. Bxb7 Rb8 27. Rxa6 Bb5 28. f4 exf4 29. Re1 Bxa6 30. Bxa6 Rxb6 31. Re8# 1-0


[Site "https://www.chess.com"]

[Event "Titled Tuesday Blitz February 14 Early 2023"]
[White "Lesbekova, Assel"]
[Black "Manukian, Artak"]
[WhiteFideId "13713248"]
[BlackFideId "13301373"]
[WhiteElo "1772"]
[BlackElo "2196"]
[Result "0-1"]
[Round "06"]
[TimeControl "180+2"]
[Date "2023.02.15"]
[WhiteClock "0:01:23"]
[BlackClock "0:00:38"]

1. e4 c6 2. d4 d5 3. Nd2 dxe4 4. Nxe4 Nf6 5. Ng3 Bg4 6. f3 Bd7 7. Bf4 Nd5 8. Bd2 b5 9. N1e2 e6 10. Nf4 Bd6 11. Nxd5 exd5 12. Bd3 O-O 13. O-O Qh4 14. f4 g6 15. Qf3 Bg4 16. Qf2 Nd7 17. f5 Nf6 18. Bf4 Bxf4 19. Qxf4 g5 20. Qd6 Kg7 21. h3 Bh5 22. Nxh5+ Qxh5 23. Rae1 Qh4 24. c3 Rae8 25. Rxe8 Rxe8 26. Qxc6 Qg3 27. Rf3 Re1+ 28. Bf1 Qb8 29. Kf2 Rb1 30. Qxb5 Ne4+ 31. Ke3 Re1+ 0-1


[Site "https://www.chess.com"]

[Event "Titled Tuesday Blitz February 14 Early 2023"]
[White "Sai Han Thiha"]
[Black "Dzhaparov, Medet"]
[WhiteFideId "13012290"]
[BlackFideId "13803689"]
[WhiteElo "2070"]
[BlackElo "1578"]
[Result "1/2-1/2"]
[Round "06"]
[TimeControl "180+2"]
[Date "2023.02.15"]
[WhiteClock "0:00:04"]
[BlackClock "0:00:40"]

1. e4 e5 2. Nf3 Nc6 3. Bc4 Nf6 4. Ng5 d5 5. exd5 b5 6. Bf1 Qxd5 7. Nc3 Qc5 8. Nxb5 Bd6 9. c3 e4 10. d4 exd3 11. Nxd6+ Qxd6 12. Qxd3 Qxd3 13. Bxd3 Ne5 14. Bc2 O-O 15. f3 h6 16. Ne4 Nxe4 17. Bxe4 Rb8 18. b3 Re8 19. Kf2 Bb7 20. Bc2 Rbd8 21. Bf4 Nd3+ 22. Bxd3 Rxd3 23. c4 c6 24. Rhd1 Red8 25. Rxd3 Rxd3 26. Ke2 Rd7 27. c5 Rd5 28. Bd6 f6 29. Rd1 Ba6+ 30. Ke1 Rxd1+ 31. Kxd1 Kf7 32. Kd2 g6 33. Ke3 Ke6 34. Kd4 f5 35. g3 h5 36. Kc3 Be2 37. f4 Bf3 38. Kd4 Be4 39. b4 Bd5 40. a4 a6 41. Be5 Bb3 42. b5 cxb5 43. axb5 axb5 44. c6 Bc4 45. Kc5 Ke7 46. Kb6 b4 47. c7 Be6 48. Kb7 b3 49. c8=Q Bxc8+ 50. Kxc8 Ke6 51. Kd8 g5 52. Bb2 gxf4 53. gxf4 Kd5 54. Ke7 Ke4 55. Bc1 b2 56. Bxb2 Kxf4 57. Kf6 Kg4 58. Ke5 f4 59. Ke4 f3 60. Ke3 Kh3 61. Be5 Kg2 62. Bg3 f2 63. Bxf2 Kxh2 64. Kf3 h4 65. Be3 Kh1 66. Bd4 h3 67. Kg3 h2 68. Kf3 1/2-1/2


[Site "https://www.chess.com"]

[Event "Titled Tuesday Blitz February 14 Early 2023"]
[White "Womacka, Mathias"]
[Black "De Souza, Cristiano Gomes"]
[WhiteFideId "4611390"]
[BlackFideId "2151758"]
[WhiteElo "2396"]
[BlackElo "2018"]
[Result "1-0"]
[Round "06"]
[TimeControl "180+2"]
[Date "2023.02.15"]
[WhiteClock "0:02:05"]
[BlackClock "0:01:14"]

1. e4 c5 2. Nf3 d6 3. d4 cxd4 4. Nxd4 Nf6 5. Nc3 g6 6. Be3 Bg7 7. f3 O-O 8. Qd2 Nc6 9. O-O-O d5 10. exd5 Nxd5 11. Nxc6 bxc6 12. Bd4 e5 13. Bc5 Be6 14. Ne4 Re8 15. h4 h6 16. g4 Qc7 17. g5 h5 18. Bc4 Red8 19. Qe1 Nf4 20. Bxe6 Nxe6 21. Bd6 Qb6 22. Nf6+ Bxf6 23. gxf6 Nd4 24. Qxe5 Nxf3 25. Qf4 Nd4 26. Rxd4 Rab8 27. Bxb8 Rxd4 28. Qh6 1-0


[Site "https://www.chess.com"]

[Event "Titled Tuesday Blitz February 14 Early 2023"]
[White "Slade, Theodore"]
[Black "Thiel, Thomas"]
[WhiteFideId "426547"]
[BlackFideId "4615964"]
[WhiteElo "1995"]
[BlackElo "2234"]
[Result "0-1"]
[Round "06"]
[TimeControl "180+2"]
[Date "2023.02.15"]
[WhiteClock "0:01:28"]
[BlackClock "0:01:02"]

1. d4 Nf6 2. c4 g6 3. Nc3 d5 4. cxd5 Nxd5 5. e4 Nxc3 6. bxc3 Bg7 7. Bc4 c5 8. Ne2 O-O 9. O-O Nc6 10. Be3 b6 11. Rc1 cxd4 12. cxd4 Bb7 13. Bd5 Rc8 14. Bxc6 Bxc6 15. d5 Bb5 16. Rxc8 Qxc8 17. Re1 Qa6 18. Qd2 Bc4 19. Bd4 Qxa2 20. Qxa2 Bxa2 21. Rc1 Bxd4 22. Nxd4 Rd8 23. Rc7 Bxd5 24. exd5 Rxd5 25. Rc4 e5 0-1


[Site "https://www.chess.com"]

[Event "Titled Tuesday Blitz February 14 Early 2023"]
[White "Kohler, Aran"]
[Black "Tymrakiewicz, Rafal"]
[WhiteFideId "1002856"]
[BlackFideId "1108832"]
[WhiteElo "2010"]
[BlackElo "2144"]
[Result "0-1"]
[Round "06"]
[TimeControl "180+2"]
[Date "2023.02.15"]
[WhiteClock "0:00:12"]
[BlackClock "0:00:39"]

1. Nf3 d5 2. d4 Bf5 3. Bf4 c5 4. e3 Nc6 5. Nbd2 e6 6. c3 h6 7. h3 Qb6 8. Qb3 c4 9. Qxb6 axb6 10. a3 b5 11. Rc1 Nf6 12. Ne5 Nxe5 13. Bxe5 Nd7 14. Bh2 Nb6 15. Ra1 Na4 16. Ra2 Kd7 17. f3 Bc2 18. Be2 Kc6 19. Bd1 Bd3 20. Kf2 Be7 21. Bxa4 Rxa4 22. Raa1 Rha8 23. Rac1 Bxa3 24. bxa3 Rxa3 25. e4 Ra2 26. Ke3 R8a3 27. exd5+ exd5 28. Be5 f6 29. Bg3 Ra8 30. Rhe1 Re8+ 31. Kf4 g5+ 32. Kg4 Bg6 33. h4 Rxd2 34. Rxe8 Bxe8 35. Kf5 Rxg2 36. Be1 Bd7+ 37. Kxf6 g4 38. fxg4 Rxg4 39. Rc2 Re4 40. Bg3 b4 41. cxb4 Rxd4 42. Bf2 Re4 43. Kg7 h5 44. Bc5 b6 45. Bf2 Be6 46. Kg6 d4 47. Bxd4 Rxd4 48. Kxh5 Bf5 49. Kg5 Bxc2 0-1


[Site "https://www.chess.com"]

[Event "Titled Tuesday Blitz February 14 Early 2023"]
[White "Torres Dominguez, David"]
[Black "Grycel, Kamil"]
[WhiteFideId "2220857"]
[BlackFideId "1115499"]
[WhiteElo "1994"]
[BlackElo "2315"]
[Result "0-1"]
[Round "06"]
[TimeControl "180+2"]
[Date "2023.02.15"]
[WhiteClock "0:01:27"]
[BlackClock "0:01:15"]

1. e4 b6 2. d4 Bb7 3. Bd3 Nf6 4. Qe2 Nc6 5. Nf3 Nb4 6. Nc3 Nxd3+ 7. Qxd3 e6 8. Bg5 h6 9. Bh4 Be7 10. O-O-O d6 11. Kb1 a6 12. h3 Nxe4 13. Nxe4 Bxh4 14. Nxh4 Qxh4 15. f3 O-O 16. g3 Qe7 17. h4 f5 18. Nf2 b5 19. Nh3 e5 20. Rde1 Rae8 21. Nf4 Qf7 22. Nh3 Qd5 23. dxe5 Qxd3 24. cxd3 Bxf3 25. Rhf1 Bg2 26. exd6 Bxh3 27. Rxe8 Rxe8 28. d7 Rd8 29. Re1 Rxd7 30. Re8+ Kf7 31. Kc2 Bf1 0-1


[Site "https://www.chess.com"]

[Event "Titled Tuesday Blitz February 14 Early 2023"]
[White "Barrera Rincones, Josmar Joel"]
[Black "Goltseva, Ekaterina"]
[WhiteFideId "3975487"]
[BlackFideId "24173770"]
[WhiteElo "1399"]
[BlackElo "2283"]
[Result "0-1"]
[Round "06"]
[TimeControl "180+2"]
[Date "2023.02.15"]
[WhiteClock "0:00:13"]
[BlackClock "0:00:12"]

1. d4 d5 2. c4 dxc4 3. Nf3 a6 4. a4 Nf6 5. e3 Bg4 6. Bxc4 e6 7. h3 Bh5 8. O-O Nc6 9. Nbd2 Bd6 10. b3 e5 11. dxe5 Nxe5 12. Be2 O-O 13. Bb2 Qe7 14. Nd4 Bg6 15. N2f3 Rad8 16. Qc1 Nd3 17. Bxd3 Bxd3 18. Rd1 Be4 19. Ne2 Bxf3 20. gxf3 Qe6 21. Kg2 Nh5 22. Qc4 Qg6+ 23. Qg4 Qc2 24. Qxh5 Qxb2 25. Nd4 g6 26. Qg4 c5 27. Ne6 fxe6 28. Qxe6+ Rf7 29. Rab1 Qf6 30. Qe4 Rdf8 31. f4 Bc7 32. Rd5 b6 33. Rbd1 Re7 34. Qf3 Qe6 35. Rg5 Qe4 36. Qxe4 Rxe4 37. Rd7 Rf7 38. Rdd5 Kg7 39. h4 h6 40. Rg3 Re6 41. h5 g5 42. Rg4 Ref6 43. f3 Rf5 44. Rd1 Kh7 45. fxg5 hxg5 46. Rf1 b5 47. e4 R5f6 48. Rxg5 Rg7 49. Rxg7+ Kxg7 50. Rd1 c4 51. bxc4 bxc4 52. Rd7+ Rf7 53. Rd5 Bb6 54. Rd6 Ba5 55. Rc6 Rc7 56. Rxa6 c3 57. Rxa5 c2 58. Rg5+ Kh6 59. Rg6+ Kxh5 60. Rg7 Rxg7+ 61. Kf2 c1=Q 62. e5 Qc2+ 63. Ke3 Qxa4 64. f4 Re7 65. Kf3 Qd4 66. Kg3 Rf7 67. Kf3 Qxf4+ 68. Ke2 Qe4+ 69. Kd2 Rd7+ 70. Kc3 Qc6+ 71. Kb4 Rb7+ 72. Ka5 Qb6+ 73. Ka4 Qa6# 0-1


[Site "https://www.chess.com"]

[Event "Titled Tuesday Blitz February 14 Early 2023"]
[White "Janaszak, Dawid"]
[Black "Prieto Aranguren, Alain"]
[WhiteFideId "1119206"]
[BlackFideId "2268906"]
[WhiteElo "2316"]
[BlackElo "2258"]
[Result "0-1"]
[Round "06"]
[TimeControl "180+2"]
[Date "2023.02.15"]
[WhiteClock "0:01:42"]
[BlackClock "0:01:52"]

1. f4 c6 2. Nf3 d6 3. b3 g6 4. Bb2 Nf6 5. e4 Bg7 6. d3 O-O 7. Be2 Qb6 8. Bd4 c5 9. Bb2 c4 10. Nbd2 Ng4 11. Nxc4 Qf2+ 12. Kd2 Bxb2 13. Nxb2 Qe3+ 14. Kc3 Nf2 15. Qc1 Nxe4+ 16. Kb4 Qc5+ 0-1


[Site "https://www.chess.com"]

[Event "Titled Tuesday Blitz February 14 Early 2023"]
[White "Cunha, Lucas Aguiar"]
[Black "Alice, Mateus Felizardo Viageiro"]
[WhiteFideId "2125404"]
[BlackFideId "14800047"]
[WhiteElo "2309"]
[BlackElo "2202"]
[Result "1-0"]
[Round "06"]
[TimeControl "180+2"]
[Date "2023.02.15"]
[WhiteClock "0:01:36"]
[BlackClock "0:01:26"]

1. e4 c5 2. Nf3 d6 3. d4 cxd4 4. Qxd4 Nc6 5. Bb5 Bd7 6. Bxc6 bxc6 7. O-O e5 8. Qd3 h6 9. c4 c5 10. Nc3 Nf6 11. Re1 Be7 12. Nd2 O-O 13. Nf1 Be6 14. Ne3 Qc7 15. b3 Rfd8 16. Bb2 Qc6 17. Rad1 Bf8 18. f3 Nh5 19. Ncd5 Nf4 20. Nxf4 exf4 21. Nd5 Bxd5 22. Qxd5 Qxd5 23. Rxd5 Rdb8 24. Bc1 g5 25. Red1 f6 26. Bb2 Kf7 27. Rf5 Be7 28. Bxf6 Ke6 29. Bxe7 Kxe7 30. e5 Rb7 31. exd6+ Ke6 32. Rxc5 Rd7 33. Rcd5 a5 34. Re1+ Kf6 35. c5 Rc8 36. Re4 Rc6 37. Kf2 Ra6 38. Ke2 1-0


[Site "https://www.chess.com"]

[Event "Titled Tuesday Blitz February 14 Early 2023"]
[White "Kalajzic, Ivan"]
[Black "Kvaloy, Aksel Bu"]
[WhiteFideId "14506378"]
[BlackFideId "1528815"]
[WhiteElo "2062"]
[BlackElo "2321"]
[Result "1-0"]
[Round "06"]
[TimeControl "180+2"]
[Date "2023.02.15"]
[WhiteClock "0:00:03"]
[BlackClock "0:00:01"]

1. d4 Nf6 2. Nc3 e6 3. Bg5 d5 4. e4 dxe4 5. Nxe4 Be7 6. Bxf6 Bxf6 7. Nf3 Nd7 8. c3 b6 9. Bd3 Bb7 10. Qc2 Be7 11. O-O-O h6 12. Rhe1 c6 13. Ne5 Qc7 14. f4 a5 15. Nxd7 Qxd7 16. f5 exf5 17. Ng3 g6 18. Bxf5 Qd6 19. Qe4 Kf8 20. Bh3 Bg5+ 21. Kb1 Kg7 22. Qe5+ Qxe5 23. dxe5 Rad8 24. Ne4 Be7 25. Nd6 Ba8 26. Rf1 Rhf8 27. Ne4 c5 28. Nf6 b5 29. Nd7 Rfe8 30. Nf6 Rxd1+ 31. Rxd1 Bxf6 32. exf6+ Kxf6 33. Rd6+ Ke5 34. Ra6 a4 35. c4 b4 36. Kc1 Kd4 37. Kd2 Kxc4 38. Rf6 Bd5 39. Bd7 Re7 40. Bxa4 Be4 41. Rd6 b3 42. Bxb3+ Kb4 43. Bd5 Bf5 44. b3 Kb5 45. Bc6+ Kb4 46. Bd5 Ra7 47. a4 Re7 48. Rb6+ Ka3 49. Bc4 Rd7+ 50. Ke3 Bc2 51. a5 Ra7 52. a6 f5 53. Rb7 Ra8 54. a7 Be4 55. Rc7 Kb4 56. Bd3 Bxd3 57. Kxd3 Kxb3 58. Ke3 c4 59. Kd4 Rd8+ 60. Ke5 c3 61. Rb7+ Ka2 62. Rb8 Rc8 63. a8=Q# 1-0


[Site "https://www.chess.com"]

[Event "Titled Tuesday Blitz February 14 Early 2023"]
[White "Bas Mas, Jose Joaquin"]
[Black "Wilson, Elvin"]
[WhiteFideId "22219064"]
[BlackFideId "2014874"]
[WhiteElo "2197"]
[BlackElo "2183"]
[Result "1-0"]
[Round "06"]
[TimeControl "180+2"]
[Date "2023.02.15"]
[WhiteClock "0:00:02"]
[BlackClock "0:00:01"]

1. e4 e6 2. d4 d5 3. e5 c5 4. c3 Nc6 5. Nf3 Qb6 6. Bd3 cxd4 7. O-O Bd7 8. Re1 Rc8 9. a3 a6 10. b4 dxc3 11. Nxc3 Nxb4 12. Na4 Bxa4 13. Qxa4+ Nc6 14. Rb1 Qa5 15. Qg4 b5 16. Bb2 Nge7 17. h4 h5 18. Qf4 Nd8 19. Rec1 Nec6 20. Bc3 Qb6 21. a4 b4 22. a5 Qxa5 23. Bd2 Qb6 24. Ng5 a5 25. Be3 Qb7 26. Rb2 Be7 27. Rbc2 b3 28. Rb2 Qb4 29. Qf3 a4 30. Bd2 Qb6 31. Ra1 Ra8 32. Bc2 Qa6 33. Bxb3 Qb5 34. Bc3 Rb8 35. Bc2 Qc5 36. Rxb8 Nxb8 37. Bxa4+ Ndc6 38. Bxc6+ Nxc6 39. Qxf7+ Kd8 40. Qxe6 1-0


[Site "https://www.chess.com"]

[Event "Titled Tuesday Blitz February 14 Early 2023"]
[White "Malka, Samuel"]
[Black "Jimenez, Joaquin"]
[WhiteFideId "20643675"]
[BlackFideId "109860"]
[WhiteElo "2165"]
[BlackElo "2195"]
[Result "1-0"]
[Round "06"]
[TimeControl "180+2"]
[Date "2023.02.15"]
[WhiteClock "0:00:19"]
[BlackClock "0:01:08"]

1. d4 Nf6 2. c4 g6 3. Nc3 Bg7 4. e4 d6 5. Nf3 O-O 6. Be2 e5 7. O-O Nc6 8. d5 Ne7 9. Ne1 Nd7 10. Nd3 f5 11. f3 Nf6 12. b4 f4 13. c5 g5 14. a4 h5 15. Nf2 Ng6 16. a5 Rf7 17. c6 bxc6 18. dxc6 Kh8 19. Nd5 Nxd5 20. exd5 e4 21. Rb1 e3 22. Ne4 Ne5 23. Bb2 Bf5 24. Bd3 g4 25. fxg4 hxg4 26. Rxf4 Bxe4 27. Rxf7 Nxf7 28. Bxg7+ Kxg7 29. Qxg4+ Qg5 30. Qxe4 Rh8 31. Re1 Rh4 32. Qxe3 Qxe3+ 33. Rxe3 Rxb4 34. Re7 Rd4 35. Bf1 Kf6 36. Rxc7 Rxd5 37. Rxf7+ 1-0


[Site "https://www.chess.com"]

[Event "Titled Tuesday Blitz February 14 Early 2023"]
[White "Rodriguez Fontecha, Marcos"]
[Black "Fajdetic, Hrvoje"]
[WhiteFideId "2256576"]
[BlackFideId "14501945"]
[WhiteElo "2309"]
[BlackElo "2151"]
[Result "1/2-1/2"]
[Round "06"]
[TimeControl "180+2"]
[Date "2023.02.15"]
[WhiteClock "0:00:24"]
[BlackClock "0:00:11"]

1. Nf3 f5 2. g3 Nf6 3. Bg2 d6 4. O-O e5 5. d4 Be7 6. dxe5 dxe5 7. Qxd8+ Bxd8 8. Nxe5 O-O 9. Rd1 c6 10. Nd2 Bc7 11. Ndf3 Na6 12. c3 Nc5 13. Bf4 Nce4 14. Nxc6 Bxf4 15. Ne7+ Kf7 16. Nxc8 Bc7 17. Nd4 Raxc8 18. Nxf5 g6 19. Ne3 Bb6 20. Rd3 Nxf2 21. Kxf2 Ng4+ 22. Kf3 Nxe3 23. g4 Kg7+ 24. Kg3 Nxg2 25. Kxg2 Rf2+ 26. Kg3 Rxe2 27. Rd7+ Kg8 28. Rb1 Rce8 29. Rf1 g5 30. Rf3 R8e3 31. Rxe3 Rxe3+ 32. Kg2 Re2+ 33. Kg3 Rxb2 34. h4 Bf2+ 35. Kf3 Bxh4 36. a4 Rb3 37. Rc7 Be1 38. Ke4 Rxc3 39. Rxb7 Rc4+ 40. Kf5 Rxa4 41. Kxg5 Bd2+ 42. Kf6 Ra6+ 43. Kf5 Be3 44. Rb8+ Kf7 45. Rb7+ Kg8 46. Rb8+ Kg7 47. Rb7+ Kh6 48. Rb3 Bb6 49. Rd3 Ra5+ 50. Kf6 Bd8+ 51. Rxd8 Ra4 52. g5+ Kh5 53. Rh8 Ra6+ 54. Kf5 Ra5+ 55. Kf6 Rxg5 56. Rxh7+ Kg4 57. Rxa7 Rg8 58. Rg7+ Rxg7 59. Kxg7 1/2-1/2


[Site "https://www.chess.com"]

[Event "Titled Tuesday Blitz February 14 Early 2023"]
[White "Zaichenko, Daria"]
[Black "Shubenkova, Veronika"]
[WhiteFideId "4197453"]
[BlackFideId "44124040"]
[WhiteElo "2104"]
[BlackElo "1960"]
[Result "1-0"]
[Round "06"]
[TimeControl "180+2"]
[Date "2023.02.15"]
[WhiteClock "0:00:37"]
[BlackClock "0:00:54"]

1. e4 e6 2. d4 d5 3. Bd3 Nf6 4. e5 Nfd7 5. f4 c5 6. c3 Nc6 7. Nf3 a6 8. a3 b5 9. O-O Qb6 10. Be3 Bb7 11. Kh1 c4 12. Bc2 g6 13. Nbd2 a5 14. b4 Be7 15. Qe1 axb4 16. axb4 O-O-O 17. Ng5 Rdf8 18. Nh3 Kc7 19. Qg3 h6 20. Nf2 Ra8 21. Ng4 h5 22. Nf6 Nxf6 23. exf6 Bd6 24. Nf3 Rxa1 25. Rxa1 Ra8 26. Rxa8 Bxa8 27. Ne5 Bxe5 28. fxe5 Qa6 29. Bxg6 Qa1+ 30. Bg1 Nd8 31. Bxf7 Nxf7 32. Qg7 Bc6 33. Qxf7+ Bd7 34. Qe7 h4 35. Qd6+ Kb7 36. Qxd7+ Kb6 37. Qxe6+ Kc7 38. f7 h3 39. f8=Q hxg2+ 40. Kxg2 1-0


[Site "https://www.chess.com"]

[Event "Titled Tuesday Blitz February 14 Early 2023"]
[White "Afanasieva, Alexandra"]
[Black "Gatterer, Florian"]
[WhiteFideId "34126926"]
[BlackFideId "811688"]
[WhiteElo "1857"]
[BlackElo "2170"]
[Result "0-1"]
[Round "06"]
[TimeControl "180+2"]
[Date "2023.02.15"]
[WhiteClock "0:01:18"]
[BlackClock "0:02:19"]

1. e4 c5 2. Nf3 e6 3. d4 cxd4 4. Nxd4 Nf6 5. Nc3 Nc6 6. Nxc6 bxc6 7. Bd3 d5 8. exd5 cxd5 9. O-O Be7 10. Bf4 O-O 11. Qe2 Bd6 12. Bxd6 Qxd6 13. Rfe1 Rb8 14. b3 Qb4 15. Qf3 Kh8 16. Ne2 e5 17. c3 Qa5 18. Qg3 e4 19. Qxb8 exd3 20. Nf4 Qxc3 21. Rac1 d2 0-1


[Site "https://www.chess.com"]

[Event "Titled Tuesday Blitz February 14 Early 2023"]
[White "Carrasco Miranda, Andres"]
[Black "Prudnykova, Olga"]
[WhiteFideId "3405990"]
[BlackFideId "14121093"]
[WhiteElo "2240"]
[BlackElo "2268"]
[Result "1-0"]
[Round "06"]
[TimeControl "180+2"]
[Date "2023.02.15"]
[WhiteClock "0:01:01"]
[BlackClock "0:00:15"]

1. d4 Nf6 2. c4 g6 3. g3 Bg7 4. Bg2 d5 5. cxd5 Nxd5 6. Nc3 Nb6 7. Nf3 Nc6 8. O-O Nxd4 9. Nxd4 Qxd4 10. Qxd4 Bxd4 11. Nb5 Be5 12. Bf4 Bxf4 13. gxf4 O-O 14. Nxc7 Rb8 15. Nd5 Nxd5 16. Bxd5 Rd8 17. Rfd1 Bf5 18. e4 Bg4 19. Rdc1 e6 20. Bb3 Rd2 21. Rc7 Bf3 22. f5 Bxe4 23. fxe6 fxe6 24. Bxe6+ Kh8 25. Re1 Bf3 26. Bb3 Re2 27. Rxe2 Bxe2 28. Kg2 a5 29. Bd5 b5 30. Ra7 a4 31. a3 Rd8 32. Ra8 Rxa8 33. Bxa8 Kg7 34. Kg3 Kf6 35. Kf4 g5+ 36. Ke4 Bf1 37. Kd4 Ke6 38. Kc5 Ke5 39. Bc6 Kf4 40. Bxb5 Bxb5 41. Kxb5 Kf3 42. Kxa4 Kxf2 43. b4 g4 44. b5 Kg2 45. b6 Kxh2 46. b7 g3 47. b8=Q h5 48. Qf4 Kh3 49. Qf3 h4 50. Qh1+ Kg4 51. Kb4 h3 52. Qe4+ Kg5 53. a4 g2 54. Qe5+ Kg4 55. Qh2 Kf3 56. Qxh3+ Kf2 57. Qxg2+ Kxg2 58. a5 1-0


[Site "https://www.chess.com"]

[Event "Titled Tuesday Blitz February 14 Early 2023"]
[White "Zampronha, Wladimir Camilo"]
[Black "Colbow, Collin"]
[WhiteFideId "2103087"]
[BlackFideId "16201132"]
[WhiteElo "2176"]
[BlackElo "2408"]
[Result "0-1"]
[Round "06"]
[TimeControl "180+2"]
[Date "2023.02.15"]
[WhiteClock "0:02:05"]
[BlackClock "0:01:08"]

1. e4 e5 2. Nf3 Nc6 3. d4 exd4 4. Nxd4 Nf6 5. Nxc6 bxc6 6. e5 Qe7 7. Qe2 Nd5 8. c4 Ba6 9. b3 g6 10. f4 Bg7 11. Qf2 Nb6 12. c5 Bxf1 13. cxb6 Ba6 14. Ba3 d6 15. bxc7 c5 16. Nc3 Qxc7 17. O-O-O dxe5 18. Nd5 Qa5 19. Qxc5 Rc8 0-1


[Site "https://www.chess.com"]

[Event "Titled Tuesday Blitz February 14 Early 2023"]
[White "Kubatko, Ivan"]
[Black "Hartikainen, Jarmo"]
[WhiteFideId "24111473"]
[BlackFideId "503134"]
[WhiteElo "2257"]
[BlackElo "2108"]
[Result "1-0"]
[Round "06"]
[TimeControl "180+2"]
[Date "2023.02.15"]
[WhiteClock "0:00:04"]
[BlackClock "0:00:01"]

1. e4 c5 2. c3 d5 3. exd5 Qxd5 4. d4 cxd4 5. cxd4 Nc6 6. Nf3 Bg4 7. Nc3 Bxf3 8. gxf3 Qxd4 9. Qxd4 Nxd4 10. Nb5 Nc2+ 11. Kd1 Nxa1 12. Nc7+ Kd8 13. Nxa8 g6 14. Be3 Bh6 15. Bxa7 Nf6 16. Bb5 e6 17. Nb6 Kc7 18. Nc4 Nd5 19. Bd4 Ra8 20. a4 Nb3 21. Be5+ Kd8 22. Kc2 Nc5 23. Rd1 Nxa4 24. Nd6 Ke7 25. Nxb7 Rc8+ 26. Kb1 Nc5 27. Nxc5 Rxc5 28. Bd3 Nf4 29. Bxf4 Bxf4 30. b4 Rc8 31. b5 Bxh2 32. Rh1 Be5 33. Rxh7 Rd8 34. Bxg6 Rb8 35. Rxf7+ Kd6 36. Bd3 Bd4 37. f4 Bxf2 38. Rf6 Kd5 39. Kc2 Be3 40. f5 exf5 41. Rxf5+ Kd6 42. Bc4 Bb6 43. Kd3 Ke7 44. Rf7+ Kd6 45. Rh7 Rd8 46. Rh6+ Kc7+ 47. Kc3 Rd6 48. Rh7+ Rd7 49. Rh5 Rd6 50. Kb3 Rd7 51. Be6 Rd6 52. Rh7+ Kb8 53. Bd7 Bc7 54. Bc6 Rd3+ 55. Kc4 Rd8 56. Kc5 Rd1 57. Rh8+ Rd8 58. Rh5 Bd6+ 59. Kc4 Bc7 60. Rh7 Bd6 61. b6 1-0


[Site "https://www.chess.com"]

[Event "Titled Tuesday Blitz February 14 Early 2023"]
[White "Llanos, Guillermo"]
[Black "Bongo Akanga Ndjila, Barthelemy"]
[WhiteFideId "100358"]
[BlackFideId "10609431"]
[WhiteElo "2290"]
[BlackElo "1824"]
[Result "1-0"]
[Round "06"]
[TimeControl "180+2"]
[Date "2023.02.15"]
[WhiteClock "0:00:13"]
[BlackClock "0:00:05"]

1. Nf3 d5 2. e3 c5 3. b3 a6 4. c4 Nc6 5. cxd5 Qxd5 6. Bb2 Nf6 7. Bc4 Qd7 8. a4 e6 9. O-O Be7 10. Nc3 O-O 11. Qe2 Nb4 12. a5 Rd8 13. d4 cxd4 14. exd4 Nbd5 15. Ne5 Qc7 16. Rfc1 Qb8 17. Ne4 Bb4 18. Ng5 Rf8 19. Qd3 h6 20. Ne4 b5 21. axb6 Nxb6 22. Nxf6+ gxf6 23. Qg3+ Kh7 24. Bd3+ f5 25. Qh4 Bd2 26. Rd1 Bg5 27. Qh5 Nd5 28. Nxf7 Rg8 29. Nxg5+ Rxg5 30. Qh4 Nf4 31. g3 Bb7 32. Bc4 Ng2 33. Qh3 Bf3 34. d5 Nf4 35. Qh4 Bg4 36. gxf4 Bxd1+ 37. fxg5 Bg4 38. Qxh6+ Kg8 39. dxe6 Ra7 40. e7# 1-0


[Site "https://www.chess.com"]

[Event "Titled Tuesday Blitz February 14 Early 2023"]
[White "Marosi, Levente"]
[Black "Kuchava, Ana"]
[WhiteFideId "747181"]
[BlackFideId "13605348"]
[WhiteElo "2303"]
[BlackElo "2101"]
[Result "1-0"]
[Round "06"]
[TimeControl "180+2"]
[Date "2023.02.15"]
[WhiteClock "0:00:55"]
[BlackClock "0:00:05"]

1. e4 c5 2. Nf3 d6 3. d4 cxd4 4. Nxd4 Nf6 5. Nc3 Nc6 6. Bg5 e6 7. Qd2 Qb6 8. Bxf6 gxf6 9. Nb3 Bd7 10. Be2 h5 11. Rf1 O-O-O 12. f4 h4 13. O-O-O Be7 14. Kb1 Kb8 15. Rf3 Rdg8 16. Bf1 Rg4 17. Qe1 a6 18. Rh3 Ka8 19. Rf3 h3 20. g3 Rg7 21. Qd2 Rgg8 22. Rd3 Rc8 23. Rxd6 Bxd6 24. Qxd6 Rcd8 25. Qc5 Qxc5 26. Nxc5 Bc8 27. Rxd8 Rxd8 28. Kc1 e5 29. f5 Nd4 30. Nd5 Rd6 31. Bxh3 Nf3 32. a4 Nxh2 33. a5 Nf3 34. c3 Ng5 35. Bg2 Kb8 36. b4 Bd7 37. c4 Bc6 38. Nd3 Bxd5 39. exd5 e4 40. Nf4 Kc7 41. Kd2 Rd8 42. Ke3 Re8 43. c5 Nf3 44. Nh5 Re5 45. Nxf6 Rxf5 46. Nxe4 Ng5 47. d6+ Kd7 48. Nxg5 Rxg5 49. Bxb7 Rxg3+ 50. Kd4 Rb3 51. Kd5 Rxb4 52. c6+ Kd8 53. c7+ Kd7 54. c8=Q# 1-0


[Site "https://www.chess.com"]

[Event "Titled Tuesday Blitz February 14 Early 2023"]
[White "Sadovsky, Artem"]
[Black "Sovetbekova, Nurai"]
[WhiteFideId "4155840"]
[BlackFideId "13801910"]
[WhiteElo "2276"]
[BlackElo "1764"]
[Result "0-1"]
[Round "06"]
[TimeControl "180+2"]
[Date "2023.02.15"]
[WhiteClock "0:00:01"]
[BlackClock "0:00:06"]

1. Nf3 Nf6 2. e3 g6 3. b3 Bg7 4. Bb2 O-O 5. Be2 c5 6. c4 Nc6 7. d4 d5 8. dxc5 Qa5+ 9. Qd2 dxc4 10. Bxc4 Qxc5 11. O-O Bg4 12. Nd4 Rad8 13. Qe1 Nd5 14. h3 Nxd4 15. exd4 Bxd4 16. Bxd4 Qxd4 17. Nd2 Nb4 18. hxg4 Nc2 19. Qxe7 Nxa1 20. Nf3 Qg7 21. Qh4 h6 22. g5 h5 23. Qf4 Nc2 24. Ne5 Nd4 25. Re1 Ne6 26. Bxe6 fxe6 27. Qe4 Rf5 28. Qf3 Rxe5 0-1


[Site "https://www.chess.com"]

[Event "Titled Tuesday Blitz February 14 Early 2023"]
[White "Orzech, Dominik"]
[Black "Georg, Heinz"]
[WhiteFideId "1115065"]
[BlackFideId "4607295"]
[WhiteElo "2308"]
[BlackElo "2107"]
[Result "1/2-1/2"]
[Round "06"]
[TimeControl "180+2"]
[Date "2023.02.15"]
[WhiteClock "0:00:06"]
[BlackClock "0:00:04"]

1. e4 e5 2. Nf3 Nc6 3. Bc4 Nf6 4. Ng5 d5 5. exd5 b5 6. Bxb5 Qxd5 7. Bxc6+ Qxc6 8. O-O h6 9. Nf3 e4 10. Nd4 Qd5 11. c3 Bc5 12. Re1 Bxd4 13. Qa4+ Bd7 14. Qxd4 Qxd4 15. cxd4 O-O-O 16. Nc3 Bc6 17. d5 Nxd5 18. Nxd5 Rxd5 19. b3 Rd3 20. Re3 Rhd8 21. h3 f5 22. Bb2 g6 23. Bc3 f4 24. Rxd3 Rxd3 25. Re1 Kd7 26. b4 g5 27. a3 h5 28. Kf1 Ke6 29. Kg1 Kf5 30. Kf1 g4 31. hxg4+ hxg4 32. Kg1 Bb5 33. Kh2 Rd7 34. Kg1 Rh7 35. Bd4 a6 36. Bc3 c6 37. Bd4 f3 38. gxf3 gxf3 39. Be3 Rg7+ 40. Kh2 Rh7+ 41. Kg1 Rg7+ 42. Kh1 Rh7+ 43. Kg1 1/2-1/2


[Site "https://www.chess.com"]